 Dungeon Crawl Stone Soup version 0.23.0-2-g0fe3ce5905 (webtiles) character file.

Game seed: 987197674777864768

25 Gargoyl the Skirmisher (level 2, -2/26 HPs)
             Began as a Centaur Abyssal Knight on Feb 20, 2019.
             Was a Follower of Lugonu.
             Slain by an orc
             ... wielding a +0 hand axe
              (7 damage)
             ... on level 2 of the Dungeon.
             The game lasted 00:01:58 (1271 turns).

Gargoyl the Skirmisher (Centaur Abyssal Knight)     Turns: 1271, Time: 00:01:59

Health: -2/26      AC:  7    Str: 14    XL:     2   Next: 82%
Magic:  3/3        EV:  4    Int: 11    God:    Lugonu [*.....]
Gold:   140        SH:  0    Dex:  8    Spells: 1/1 levels left

rFire    . . .     SeeInvis .   a - +1 hand axe
rCold    . . .     Gourm    .   (no shield)
rNeg     . . .     Faith    .   e - +0 chain mail
rPois    .         Spirit   .   (no helmet)
rElec    .         Reflect  .   (no cloak)
rCorr    .         Harm     .   (no gloves)
MR       .....                  (no barding)
Stlth    ..........             (no amulet)
HPRegen  0.08/turn              (no ring)
MPRegen  0.08/turn              (no ring)

@: very quick
A: large, hooves 3, deformed body, speed 2, tough skin 3
a: Depart the Abyss, Renounce Religion


You were on level 2 of the Dungeon.
You worshipped Lugonu.
Lugonu was aware of your devotion.
You were not hungry.

You visited 1 branch of the dungeon, and saw 2 of its levels.
You visited the Abyss 1 time.

You collected 140 gold pieces.

Inventory:

Hand Weapons
 a - a +1 hand axe (weapon)
Armour
 e - a +0 chain mail (worn)
Scrolls
 b - 3 scrolls of identify {unknown}
 g - a scroll of amnesia {unknown}
 h - a scroll of immolation {unknown}
Potions
 d - 3 potions of curing
 f - a potion of brilliance {unknown}
 i - 2 potions of lignification {unknown}
Comestibles
 c - 2 rations


   Skills:
 + Level 3.3 Fighting
 + Level 2.0 Axes
 * Level 1.7 Armour
 * Level 1.0 Dodging
 * Level 2.2 Invocations


You had one spell level left.
You didn't know any spells.
Your spell library was empty.

Dungeon Overview and Level Annotations

Branches:
Dungeon (2/15)

Altars:


Innate Abilities, Weirdness & Mutations

You have hooves in place of feet.
Armour fits poorly on your strangely shaped body.
You cover ground very quickly.
You have extremely tough skin. (AC +3)


Message History

Lugonu accepts your kill.
You hit the orc. You closely miss the quokka.
The bat hits you but does no damage.
The quokka bites you but does no damage.
The orc hits you but does no damage. The bat completely misses you.
The quokka bites you.
* * * LOW HITPOINT WARNING * * *
The orc hits you but does no damage.
Things that are here:
a +0 war axe; a +0 leather armour; an orc corpse Unknown command.
You hit the quokka.
You kill the quokka!
Lugonu accepts your kill.
Your Dodging skill increases to level 1!
Your chain mail prevents you from hitting the orc.
The bat hits you.
* * * LOW HITPOINT WARNING * * *
The orc hits you with a +0 hand axe!
You die...

### ##### .... ##.....
....######....... ##
................. #.
................. #.
#.......S..... #.
#....bo...# ###### #.
#....)@r..# #....#####
#.........####.(..#....
#...........##....#.###
......###.....##.........
...... +......'.........
#####. #.....##....#####
# #.....##.####
#.....##.########
#.....##.........


You could see an adder, an orc, a bat and a rat.

Vanquished Creatures
  A leopard gecko (D:1)
  3 orcs (D:2)
  A ball python (D:1)
  4 goblins
  4 hobgoblins
  A quokka (D:2)
  A bat (D:1)
  A frilled lizard (D:1)
  A kobold (D:1)
  2 rats (D:1)
19 creatures vanquished.

Vanquished Creatures (others)
  4 starspawn tentacles (Abyss:1)
4 creatures vanquished.

Grand Total: 23 creatures vanquished

Notes
Turn   | Place    | Note
-------+----------+-------------------------------------------
     0 | Abyss:1  | Gargoyl the Centaur Abyssal Knight began the quest for the
                  | Orb.
     0 | Abyss:1  | Reached XP level 1. HP: 19/19 MP: 2/2
    58 | Abyss:1  | Noticed a tentacled starspawn
   126 | Abyss:2  | Found a corrupted altar of Lugonu.
   176 | Abyss:2  | Noticed a chaos spawn
   191 | Abyss:2  | Found a shimmering altar of Xom.
   191 | Abyss:2  | Found a shimmering altar of Xom.
   191 | Abyss:2  | Found a shimmering altar of Xom.
   191 | Abyss:2  | Found a shimmering altar of Xom.
   192 | Abyss:2  | Found a shimmering altar of Xom.
   193 | Abyss:2  | Found a shimmering altar of Xom.
   193 | Abyss:2  | Found a shimmering altar of Xom.
   193 | Abyss:2  | Found a corrupted altar of Lugonu.
   194 | Abyss:2  | Found a shimmering altar of Xom.
   194 | Abyss:2  | Found a shimmering altar of Xom.
   195 | Abyss:2  | Found a shimmering altar of Xom.
   195 | Abyss:2  | Found a shimmering altar of Xom.
   196 | Abyss:2  | Found a shimmering altar of Xom.
   208 | Abyss:2  | Noticed a cacodemon
   209 | D:1      | Escaped the Abyss
   209 | D:1      | Noticed a troll
   212 | D:1      | Noticed a draconian
   214 | D:1      | Noticed a naga
   217 | D:1      | Noticed a centaur
   378 | D:1      | Reached XP level 2. HP: 18/26 MP: 3/3
  1199 | D:2      | Reached * piety under Lugonu
  1271 | D:2      | Reached skill level 1 in Dodging
  1271 | D:2      | Slain by an orc

Skill      XL: |  1  2 |
---------------+-------+-----
Axes           | 2 |  2.0
Dodging        | 1 |  1.0
Fighting       | |  3.3
Armour         | |  1.7
Invocations    | |  2.2

Action                   || total
-------------------------++-------
Melee: Hand axe          ||    44
       Kick              ||     5
Invok: Depart the Abyss  ||     1
  Use: Scroll            ||     1
       Potion            ||     1
Armor: Chain mail        ||    66
Dodge: Dodged            ||    15
